 Dungeon Crawl Stone Soup version 0.27.1 (webtiles) character file.

Game seed: 12116591508759397933

79 ZARRMARR the Shooter (level 4, -2/25 HPs)
             Began as a Deep Elf Hunter on Aug 30, 2021.
             Slain by an orc (5 damage)
             ... on level 3 of the Dungeon.
             The game lasted 00:09:53 (2403 turns).

ZARRMARR the Shooter (Deep Elf Hunter)              Turns: 2403, Time: 00:09:54

Health: -2/25      AC: 11    Str:  9    XL:     4   Next: 16%
Magic:  8/8        EV:  7    Int: 17    God:
Gold:   73         SH:  0    Dex: 15    Spells: 6/6 levels left

rFire    + + .     SeeInvis .   b - +0 short sword
rCold    x . .     Faith    .   (no shield)
rNeg     . . .     Spirit   .   m - +0 fire dragon scales
rPois    .         Reflect  .   (no helmet)
rElec    .         Harm     .   (no cloak)
rCorr    .         Rampage  .   (no gloves)
Will     .....                  i - +2 pair of boots
Stlth    ..........             (no amulet)
HPRegen  0.08/turn              (no ring)
MPRegen  0.11/turn              (no ring)

@: no status effects
A: no striking features
a: no special abilities


You were on level 3 of the Dungeon.
You visited 1 branch of the dungeon, and saw 3 of its levels.

You collected 73 gold pieces.

Inventory:

Hand Weapons
 a - a +1 shortbow
 b - a +0 short sword (weapon)
Missiles
 d - 5 arrows
 f - 8 boomerangs
 v - 14 poisoned darts
Armour
 i - a +2 pair of boots (worn)
 m - +0 fire dragon scales (worn)
 u - a +0 robe
Magical Staves
 t - a staff of poison
Jewellery
 w - a ring of fire
Scrolls
 e - a scroll of holy word {unknown}
 h - 2 scrolls of teleportation
 l - a scroll of brand weapon {unknown}
 p - a scroll of enchant weapon {unknown}
 s - a scroll of identify {unknown}
Potions
 c - a potion of brilliance {unknown}
 g - a potion of flight {unknown}
 j - a potion of haste {unknown}
 k - a potion of lignification {unknown}
 n - a potion of degeneration {unknown}
 o - a potion of curing {unknown}
 q - a potion of heal wounds {unknown}
 r - a potion of mutation {unknown}


   Skills:
 - Level 1.5 Fighting
 + Level 6.9 Bows
 + Level 2.4 Dodging
 - Level 1.2 Stealth
 * Level 1.5 Spellcasting
 * Level 1.5 Ice Magic


You had 6 spell levels left.
You didn't know any spells.
Your spell library contained the following spells:

 Spells                   Type           Power      Damage    Failure   Level
 Ozocubu's Armour         Ice            6%         N/A       99%         3
 Ozocubu's Refrigeration  Ice            3%         4d5       100%        7


Dungeon Overview and Level Annotations

Branches:
Dungeon (3/15)

Altars:

Shops:
D:1 *


Message History

The orc is lightly wounded.
The orc hits you with a +0 whip.
Your fire dragon scales prevents you from hitting the orc.
The orc is lightly wounded.
The orc hits you with a +0 whip.
You hit the orc.
The orc is almost dead.
The orc barely misses you.
You hit the orc but do no damage.
The orc is almost dead.
The orc hits you but does no damage.
You hit the orc but do no damage.
The orc is almost dead.
The orc hits you with a +0 whip.
You hit the orc but do no damage.
The orc is almost dead.
The orc hits you but does no damage. The orc hits you with a +0 whip.
You hit the orc.
You kill the orc!
You hit the orc.
The orc is moderately wounded.
The orc hits you but does no damage.
You closely miss the orc.
The orc is moderately wounded.
The orc hits you with a +0 mace.
You hit the orc but do no damage.
The orc is moderately wounded.
The orc completely misses you. The orc hits you with a +0 mace.
* * * LOW HITPOINT WARNING * * *
You hit the orc but do no damage.
The orc is moderately wounded.
The orc hits you but does no damage.
You closely miss the orc.
The orc is moderately wounded.
The orc hits you with a +0 mace.
* * * LOW HITPOINT WARNING * * *
You barely miss the orc.
The orc is moderately wounded.
The orc hits you with a +0 mace.
You die...

############
######..........#
##....).########.#
..>####.# #.# ####
##.## #@# ##...##
#o# ###.###.##
#(.....>. ...#
#..# #..#o####
###.###..# #..# #
#.)...#.# #..#
#)##.##.# #..#
####.##..... ...#
......####.#. ###.


You could see an orc.

Vanquished Creatures
  An adder (D:2)
  A worm (D:2)
  6 orcs (D:3)
  2 ball pythons (D:1)
  2 bats
  4 endoplasms
  5 giant cockroaches
  7 hobgoblins
  6 kobolds
  2 quokkas (D:1)
  2 frilled lizards
  9 goblins
  4 rats
51 creatures vanquished.

Notes
Turn   | Place    | Note
-------+----------+-------------------------------------------
     0 | D:1      | ZARRMARR the Deep Elf Hunter began the quest for the Orb.
     0 | D:1      | Reached XP level 1. HP: 12/12 MP: 3/3
   102 | D:1      | Reached XP level 2. HP: 16/16 MP: 4/4
   120 | D:1      | Reached skill level 6 in Bows
   576 | D:1      | Found Ohoym's General Store.
   643 | D:1      | Reached skill level 1 in Ice Magic
   805 | D:1      | Reached XP level 3. HP: 20/20 MP: 5/5
  1691 | D:2      | Reached skill level 1 in Spellcasting
  1822 | D:2      | Found a faded altar of an unknown god.
  2091 | D:3      | Reached XP level 4. HP: 25/25 MP: 7/7
  2403 | D:3      | Slain by an orc

Illustrated notes

Levels and vault maps discovered:
D:1:      wander_arrival_lonely_grave, layout_loops_corners, serial_shops,
          nicolae_shop_statue_plus
D:2:      layout_loops_ring, dreamdust_ecumenical_altar_hidden_monk_grotto,
          nicolae_underground_beach
D:3:      layout_loops_ring

Skill      XL: |  1  2  3 |
---------------+----------+-----
Bows           | 6 |  6.9
Ice Magic      | 1 |  1.5
Spellcasting   | 1 |  1.5
Fighting       | |  1.5
Dodging        | |  2.4
Stealth        | |  1.2

Action                   |  1- 3 |  4- 6 || total
-------------------------+-------+-------++-------
Melee: Short sword       |     9 |    33 ||    42
 Fire: Shortbow          |   126 |     9 ||   135
  Use: Scroll            |     4 |       ||     4
Armor: Leather armour    |     7 |       ||     7
       Fire dragon scale |       |    12 ||    12
Dodge: Dodged            |    11 |    10 ||    21
